 Dungeon Crawl Stone Soup version 0.26-a0-597-gb535b0901c (webtiles) character file.

Game seed: 3119920173564617516

45150 HoaS the Peltast (level 14, -9/111 HPs)
             Began as a Formicid Fighter on Aug 31, 2020.
             Was the Champion of Makhleb.
             Drowned by a drowned soul (17 damage)
             ... summoned by a merfolk avatar
             ... on level 6 of the Lair of Beasts.
             The game lasted 00:42:59 (18806 turns).

HoaS the Peltast (Formicid Fighter)                Turns: 18806, Time: 00:42:59

Health: -9/111     AC: 18    Str: 25    XL:     14   Next: 69%
Magic:  14/14      EV: 14    Int:  9    God:    Makhleb [******]
Gold:   1051       SH: 24    Dex: 10    Spells: 13/13 levels left

rFire    + . .     SeeInvis +   w - +4 lajatang (freeze)
rCold    . . .     Faith    .   a - +4 tower shield
rNeg     . . .     Spirit   .   j - +6 scale mail {rF+}
rPois    +         Reflect  .   (helmet unavailable)
rElec    .         Harm     .   i - +2 cloak
rCorr    +                      (no gloves)
MR       +....                  (no boots)
Stlth    ..........             (no amulet)
HPRegen  0.28/turn              B - ring of resist corrosion
MPRegen  0.14/turn              o - ring of poison resistance

@: flying, mesmerised
A: permanent stasis, dig shafts and tunnels, four strong arms, antennae 3
a: Dig, Shaft Self, Minor Destruction, Lesser Servant of Makhleb, Major
Destruction, Greater Servant of Makhleb, Renounce Religion


You were on level 6 of the Lair of Beasts.
You worshipped Makhleb.
Makhleb was exalted by your worship.
You visited 2 branches of the dungeon, and saw 17 of its levels.

You collected 1705 gold pieces.
You spent 654 gold pieces at shops.

Inventory:

Hand Weapons
 q - a +1 quarterstaff of flaming
 w - a +4 lajatang of freezing (weapon)
Missiles
 b - 150 bolts
Armour
 a - a +4 tower shield (worn)
 i - a +2 cloak (worn)
 j - a +6 scale mail of fire resistance (worn)
 D - a +0 plate armour
 G - the +4 scale mail of Ciokaosk {rN+ MR+, unknown}
   (You found it on level 6 of the Lair of Beasts)

   It protects you from negative energy.
   It affects your resistance to hostile enchantments.
Jewellery
 c - an uncursed ring of protection from fire
 g - an uncursed ring of protection from fire
 n - an uncursed ring of protection from fire
 o - a ring of poison resistance (right hand)
 t - an uncursed ring of flight
 B - a ring of resist corrosion (left hand)
Wands
 h - a wand of random effects (64)
 m - a wand of paralysis (11)
 v - a wand of flame (40)
 x - a wand of digging (4)
 C - a wand of polymorph (10)
 E - a wand of disintegration (12)
 F - a wand of iceblast (7)
Scrolls
 k - 4 scrolls of remove curse
 l - 4 scrolls of magic mapping
 y - a scroll of identify
Potions
 d - 3 potions of might
 e - 3 potions of flight
 f - 10 potions of curing
 p - 2 potions of lignification
 r - 2 potions of mutation
 s - 4 potions of stabbing
 u - 2 potions of heal wounds
 z - 2 potions of ambrosia
 A - a potion of invisibility {unknown}


   Skills:
 + Level 10.4 Fighting
 - Level 14.0 Staves
 + Level 10.5 Armour
 + Level 8.3 Dodging
 - Level 15.0 Shields


You had 13 spell levels left.
You didn't know any spells.
Your spell library contained the following spells:

 Spells                   Type           Power        Failure   Level
 Animate Skeleton         Necr           #.....       63%         1
 Apportation              Tloc           #.....       63%         1
 Corona                   Hex            #......      63%         1
 Sting                    Tmut/Pois      #...         63%         1
 Summon Small Mammal      Summ           #...         63%         1
 Ensorcelled Hibernation  Hex/Ice        #.....       77%         2
 Poisonous Vapours        Pois/Air       #.....       77%         2
 Confusing Touch          Hex            #.......     94%         3
 Dazzling Flash           Conj/Hex       #.....       94%         3
 Ignite Poison            Fire/Tmut/Pois #.......     94%         3
 Mephitic Cloud           Conj/Pois/Air  #.......     94%         3
 Tukima's Dance           Hex            #.......     94%         3
 Olgreb's Toxic Radiance  Pois           #.......     100%        4
 Summon Lightning Spire   Summ/Air       #.......     100%        4
 Fireball                 Conj/Fire      #.........   100%        5
 Silence                  Hex/Air        #.........   100%        5
 Conjure Ball Lightning   Conj/Air       #.........   100%        6
 Starburst                Conj/Fire      #.........   100%        6
 Ignition                 Fire           #.........   100%        8
 Tornado                  Air            #.........   100%        9


Dungeon Overview and Level Annotations

Branches:
Dungeon (11/15)            Temple (0/1) D:7            Lair (6/6) D:11
  Swamp (0/4) Lair:2       Spider (0/4) Lair:4          Orc (0/2) D:11
  Slime: Lair:5-6

Altars:
Ashenzari
Fedhas
Hepliaklqana
Makhleb
Nemelex Xobeh
Okawaru
Qazlal
Sif Muna
Xom
The Shining One

Shops:
D:8 ?   D:10 ?

Annotations:
D:10 2 transporters, p0werm0de's ghost, novice MiFi


Innate Abilities, Weirdness & Mutations

You cannot be hasted, slowed, berserked, paralysed or teleported.
You can dig through walls and to a lower floor.
Your four strong arms can wield two-handed weapons with a shield.
You have a pair of large antennae on your head. (SInv)


Message History

You cannot move away from the merfolk avatar!
You slice the drowned soul!!
You destroy the drowned soul!
The pull of its song draws you forwards.
You slice the drowned soul!!
You destroy the drowned soul!
The merfolk avatar chants its luring song.
The merfolk avatar chants its luring song.
You block the drowned soul's attack.
You see here 24 arrows.
You closely miss the merfolk avatar.
The merfolk avatar is lightly wounded.
You barely miss the merfolk avatar.
The merfolk avatar is lightly wounded.
You block the drowned soul's attack.
The merfolk avatar chants its luring song.
You slash the merfolk avatar! You freeze the merfolk avatar.
The merfolk avatar is moderately wounded.
The drowned soul touches you. The drowned soul drowns you!
You die...

P≈≈P≈≈≈≈≈≈≈≈≈ ≈≈≈≈≈≈≈≈≈≈≈....
#.≈≈≈≈≈≈≈≈≈≈≈≈≈≈≈ ≈≈≈≈≈≈≈≈≈≈≈....
.≈##≈#########.#.#######.≈.#≈....
≈.(.≈.≈≈ #8≈≈≈≈≈≈≈≈8#8≈≈.≈##.....
.P≈≈≈≈≈≈ #≈≈≈≈≈≈≈≈≈≈#≈≈≈≈≈≈≈≈...†
.≈≈≈≈P≈≈≈#≈≈≈≈#≈#≈≈≈#≈≈≈#≈≈≈.....
...#≈≈≈≈≈#≈≈≈≈≈≈≈≈≈≈#≈≈≈#≈##≈.†..
.≈.#≈.≈≈≈#≈≈≈$?W$≈≈≈≈≈≈≈.≈##≈....
.≈≈≈≈≈≈≈ #≈≈≈=≈≈@≈≈≈≈≈8≈≈≈≈≈≈....
.≈≈≈≈≈P≈ #≈≈≈)Wm?≈≈≈≈≈8≈≈≈≈≈.≈...
.≈##≈#≈≈≈#≈≈≈:|?$≈≈≈≈≈P≈#≈.#≈....
†≈##≈≈≈≈≈#≈≈≈≈≈≈≈≈≈≈#≈≈≈#≈##≈....
.≈≈≈≈≈≈≈≈#≈≈≈#≈≈≈≈≈≈#≈≈≈#≈≈≈...#.
.≈≈≈≈≈≈≈ #≈≈≈≈≈#≈≈≈≈#≈≈≈≈≈≈≈P.##.
..##≈#≈≈ #8≈≈≈≈≈≈≈≈≈#.≈≈#≈##≈.#.#
....≈########.#.#########≈...####
..≈≈≈≈≈≈≈≈≈≈≈≈≈≈≈ ≈≈≈≈≈≈≈≈≈≈.≈P##


You could see a merfolk avatar (mesmerising) and 2 drowned souls.

Vanquished Creatures
  Josephine (D:10)
  6 hydras
  A two-headed ogre (D:8)
  Sonja (Lair:2)
  A manticore (Lair:6)
  A cyclops (D:11)
  Joseph (D:10)
  12 elephants
  4 black mambas
  A torpor snail (Lair:4)
  4 molten gargoyles (D:10)
  5 centaur skeletons
  9 cane toads
  4 rime drakes (Lair:6)
  14 komodo dragons
  The ghost of viperstalker the Chopper, an amateur PaFi (D:5)
  2 polar bears
  Grinder (D:5)
  2 hornets
  2 bog bodies (Lair:2)
  9 hippogriffs
  15 blink frogs
  A tarantella (Lair:4)
  4 wraiths (D:10)
  4 basilisks
  2 wyverns (Lair:6)
  36 yaks
  3 swamp worms (Lair:2)
  7 porcupines
  14 water moccasins
  2 black bears
  5 orc warriors
  3 phantoms
  2 sky beasts
  A necrophage (D:8)
  5 centaurs
  4 ogres
  15 wolves
  13 crocodiles
  A gnoll sergeant (D:5)
  15 bullfrogs
  2 scorpions
  7 killer bees
  4 wights (D:6)
  4 electric eels
  3 howler monkeys (D:8)
  2 bullfrog zombies
  5 hounds
  2 centaur zombies
  12 orc priests
  A jelly (D:10)
  10 orc wizards
  2 bullfrog skeletons
  Jessica (D:2)
  2 iguanas
  Ijyb (D:5)
  8 worker ants
  A hound skeleton (D:5)
  2 howler monkey zombies
  A worker ant zombie (D:7)
  11 gnolls
  15 adders
  A howler monkey skeleton (D:8)
  3 shadow imps
  3 white imps
  3 ufetubi (D:5)
  3 oozes
  An adder skeleton (D:5)
  A worm (D:3)
  5 dart slugs
  5 leopard geckos
  51 orcs
  6 bats
  6 giant cockroaches
  5 goblins
  7 hobgoblins
  4 jackals
  A quokka (D:2)
  2 ball pythons
  6 frilled lizards
  A giant cockroach zombie (D:5)
  A jackal skeleton (D:4)
  6 kobolds
  3 rats
454 creatures vanquished.

Vanquished Creatures (others)
  Maurice (D:9)
  16 fungi
  36 plants
53 creatures vanquished.

Grand Total: 507 creatures vanquished

Notes
Turn   | Place    | Note
-------+----------+-------------------------------------------
     0 | D:1      | HoaS the Formicid Fighter began the quest for the Orb.
     0 | D:1      | Reached XP level 1. HP: 18/18 MP: 1/1
   206 | D:1      | Reached XP level 2. HP: 20/24 MP: 2/2
   379 | D:1      | Found a glowing golden altar of the Shining One.
   493 | D:1      | Reached skill level 4 in Shields
   840 | D:1      | Reached XP level 3. HP: 29/29 MP: 3/3
  1002 | D:2      | Reached XP level 4. HP: 28/35 MP: 4/4
  1172 | D:2      | Noticed Jessica
  1179 | D:2      | Killed Jessica
  1225 | D:2      | Reached XP level 5. HP: 38/41 MP: 5/5
  2033 | D:3      | Reached skill level 5 in Shields
  2532 | D:3      | Reached XP level 6. HP: 47/47 MP: 6/6
  2620 | D:3      | Noticed a phantom
  2643 | D:3      | Killed a phantom
  2643 | D:3      | Reached skill level 5 in Staves
  3040 | D:3      | Found a shimmering blue altar of Sif Muna.
  3372 | D:4      | Reached XP level 7. HP: 49/52 MP: 7/7
  3425 | D:4      | Found a sand-covered staircase.
  3578 | D:4      | Reached skill level 6 in Shields
  3753 | D:4      | Found a hazy altar of Hepliaklqana.
  4210 | D:4      | Found a shattered altar of Ashenzari.
  4459 | D:5      | Entered Level 5 of the Dungeon
  4489 | D:5      | Found a burning altar of Makhleb.
  4495 | D:5      | Became a worshipper of Makhleb the Destroyer
  4544 | D:5      | Found a runed translucent door.
  4544 | D:5      | Noticed viperstalker's ghost (amateur PaFi)
  4602 | D:5      | Noticed Grinder
  4611 | D:5      | Killed Grinder
  4611 | D:5      | Reached XP level 8. HP: 58/58 MP: 8/8
  4960 | D:5      | Reached skill level 7 in Shields
  5553 | D:5      | Reached skill level 8 in Shields
  5621 | D:5      | Noticed Ijyb
  5722 | D:5      | Reached XP level 9. HP: 48/64 MP: 9/9
  5727 | D:5      | Killed Ijyb
  6044 | D:6      | Reached * piety under Makhleb
  6516 | D:6      | Reached skill level 9 in Shields
  6559 | D:6      | Reached skill level 10 in Staves
  7080 | D:7      | Found an iron altar of Okawaru.
  7237 | D:7      | Reached ** piety under Makhleb
  7561 | D:7      | Found a staircase to the Ecumenical Temple.
  7736 | D:7      | Found an iron altar of Okawaru.
  8473 | D:8      | Noticed a hippogriff
  8479 | D:8      | Reached XP level 10. HP: 70/70 MP: 10/10
  8596 | D:8      | Found a stormy altar of Qazlal.
  8802 | D:8      | Noticed a two-headed ogre
  8810 | D:8      | Killed a two-headed ogre
  8810 | D:8      | Reached *** piety under Makhleb
  8810 | D:8      | Reached skill level 10 in Shields
  8956 | D:8      | Found Juapt's Magic Scroll Emporium.
  9091 | D:8      | Found a sparkling altar of Nemelex Xobeh.
  9351 | D:8      | Found a shattered altar of Ashenzari.
  9594 | D:8      | Bought a scroll of acquirement for 572 gold pieces
  9594 | D:8      | Acquired a +2 lajatang of venom
  9637 | D:9      | Noticed Maurice
  9645 | D:9      | Killed Maurice
  9867 | D:9      | Found a shimmering altar of Xom.
  9870 | D:9      | Found a shimmering altar of Xom.
  9870 | D:9      | Found a shimmering altar of Xom.
  9871 | D:9      | Found a shimmering altar of Xom.
  9871 | D:9      | Found a shimmering altar of Xom.
 10262 | D:5      | Killed viperstalker's ghost
 10405 | D:10     | Entered Level 10 of the Dungeon
 10481 | D:10     | Reached XP level 11. HP: 72/75 MP: 11/11
 10561 | D:10     | Reached skill level 11 in Shields
 10668 | D:10     | Found Esasty's Magic Scroll Emporium.
 10823 | D:10     | Reached **** piety under Makhleb
 10948 | D:10     | Noticed Joseph
 10963 | D:10     | Killed Joseph
 10967 | D:10     | Noticed Josephine
 10980 | D:10     | Killed Josephine
 10985 | D:10     | Reached skill level 12 in Shields
 11010 | D:10     | Noticed a deep troll
 11011 | D:10     | Found a transporter.
 11011 | D:10     | Noticed p0werm0de's ghost (novice MiFi)
 11011 | D:10     | Noticed a manticore
 11015 | D:10     | Found a transporter.
 11468 | D:8      | Bought a scroll of enchant weapon for 82 gold pieces
 11819 | D:11     | Found a staircase to the Orcish Mines.
 11858 | D:11     | Found a staircase to the Lair.
 11860 | D:11     | Found a blossoming altar of Fedhas.
 11877 | D:11     | Reached skill level 13 in Shields
 12054 | D:11     | Noticed a cyclops
 12060 | D:11     | Killed a cyclops
 12060 | D:11     | Reached XP level 12. HP: 81/81 MP: 12/12
 12365 | Lair:1   | Entered Level 1 of the Lair of Beasts
 12540 | Lair:1   | Reached skill level 14 in Shields
 12545 | Lair:1   | Reached ***** piety under Makhleb
 12629 | Lair:1   | Found a burning altar of Makhleb.
 12809 | Lair:1   | Reached skill level 15 in Shields
 13180 | Lair:2   | Reached skill level 1 in Dodging
 13239 | Lair:2   | Noticed Sonja
 13243 | Lair:2   | Killed Sonja
 13654 | Lair:2   | Reached skill level 5 in Armour
 13810 | Lair:2   | Reached skill level 5 in Fighting
 13912 | Lair:2   | Found a staircase to the Swamp.
 14057 | Lair:2   | Noticed a seven-headed hydra
 14065 | Lair:2   | Killed a seven-headed hydra
 14435 | Lair:3   | Reached XP level 13. HP: 92/92 MP: 13/13
 14468 | Lair:3   | Noticed a six-headed hydra
 14495 | Lair:3   | Killed a six-headed hydra
 15567 | Lair:4   | Noticed a five-headed hydra
 15588 | Lair:4   | Killed a seven-headed hydra
 15588 | Lair:4   | Reached skill level 5 in Dodging
 16050 | Lair:4   | Noticed an eight-headed hydra
 16059 | Lair:4   | Killed an eight-headed hydra
 16224 | Lair:4   | Found a hole to the Spider Nest.
 16807 | Lair:5   | Reached XP level 14. HP: 106/106 MP: 14/14
 16818 | Lair:5   | Reached ****** piety under Makhleb
 17349 | Lair:5   | Acquired 500 gold pieces
 18030 | Lair:6   | Entered Level 6 of the Lair of Beasts
 18432 | Lair:6   | Reached skill level 10 in Armour
 18470 | Lair:6   | Reached skill level 10 in Fighting
 18581 | Lair:6   | Got a dazzling scale mail
 18799 | Lair:6   | HP: 2/111 [drowned by a drowned soul[a merfolk avatar]
                  | (16)]
 18806 | Lair:6   | Drowned by a drowned soul

Illustrated notes

Levels and vault maps discovered:
D:1:      dpeg_arrival_oval, layout_basic, tso_altar
D:2:      layout_loops_cross, minmay_pentomino_pile, uniq_jessica
D:3:      layout_loops_corners, tgw_sif
D:4:      layout_layer_cave, kennysheep_mini, nicolae_ossuary_entry_monument,
          corexii_corridor_pit, evilmike_ruin_ashenzari
D:5:      kennysheep_windowed_halls, layout_loops_ring, basic_altar,
          gammafunk_ghost_grave, uniq_grinder, uniq_ijyb
D:6:      layout_cave_pools
D:7:      layout_gridville, minmay_temple_entry_drinking_statues, basic_altar,
          okawaru_metal_pillars_3
D:8:      layout_layer_cave, nemelex_xobeh_ov_fountains_minmay,
          old_standard_altar, lemuel_round_altar, serial_shops, shop_coins
D:9:      layout_cave_pools, xom_redecorated, uniq_maurice
D:10:     layout_long_grid, serial_shops, shop, gammafunk_ghost_arena,
          minivault_8, uniq_josephine, uniq_joseph
D:11:     layout_irregular_city, david_lair_shrubbed, orc_0_dummy,
          fedhas_altar_3
Lair:1:   layout_loops_ring, basic_altar, grunt_megastairs_1
Lair:2:   layout_concentric_octagons, nicolae_swamp_entry_splash_gauntlet,
          beast_lair_carwin_2, infiniplex_staircase_pool, uniq_sonja
Lair:3:   layout_cave_pods
Lair:4:   layout_misc_corridors, spider_nest_entry_rubble, beast_lair_carwin_9
Lair:5:   layout_hall_layers, serial_bayou_lagoon_b
Lair:6:   gammafunk_lair_ancient_temple, layout_misc_corridors, slime_altar_1

Skill      XL: |  1  2  3  4  5  6  7  8  9 10 11 12 13 14 |
---------------+-------------------------------------------+-----
Shields        | 4 5 6 8 9 10 13 15 | 15.0
Staves         | 3 4 5 7 8 10 12 14 | 14.0
Dodging        | 3 6 8 |  8.3
Fighting       | 5 8 10 | 10.4
Armour         | 5 8 10 | 10.5

Action                   |  1- 3 |  4- 6 |  7- 9 | 10-12 | 13-15 || total
-------------------------+-------+-------+-------+-------+-------++-------
Melee: Quarterstaff      |    60 |   164 |   437 |   105 |    27 ||   793
       Unarmed           |       |       |     5 |       |       ||     5
       Lajatang          |       |       |       |   503 |   528 ||  1031
 Abil: Dig               |       |     2 |    13 |    10 |    18 ||    43
Evoke: Wand              |       |       |     1 |     7 |     2 ||    10
  Use: Scroll            |     2 |     3 |    14 |    13 |    11 ||    43
       Potion            |       |       |       |     1 |     3 ||     4
 Stab: Paralysed         |       |       |     7 |       |       ||     7
Armor: Scale mail        |    19 |    57 |   127 |    67 |    92 ||   362
Dodge: Dodged            |    17 |    51 |   104 |    60 |    94 ||   326
Block: Kite shield       |    22 |    72 |   185 |       |       ||   279
       Tower shield      |       |       |    20 |   366 |   410 ||   796

Table legend: (Time is in decaauts)
 A = Elapsed time spent in this place.
 B = Non-inter-level travel time spent in this place.
 C = Inter-level travel time spent in this place.
 D = Time resting spent in this place.
 E = Time spent auto-exploring this place.
 F = Levels seen in this place.
 G = Mean time per level.
                   A        B        C        D        E       F      G
               +--------+--------+--------+--------+--------+-----+--------+
         Total |  18477 |  17013 |   1464 |   1891 |  11680 |  17 | 1086.9 |
       Dungeon |  12415 |  11251 |   1164 |   1129 |   7864 |  11 | 1128.6 |
          Lair |   6062 |   5762 |    300 |    762 |   3816 |   6 | 1010.3 |
               +--------+--------+--------+--------+--------+-----+--------+

Top non-repeatable levels by time:
     D:5: 1718 daAuts
     D:3: 1606 daAuts
  Lair:5: 1424 daAuts
     D:7: 1229 daAuts
  Lair:2: 1222 daAuts
  Lair:3: 1204 daAuts
     D:8: 1124 daAuts
     D:4: 1106 daAuts
     D:6: 1080 daAuts
    D:10: 1077 daAuts
     D:1: 923 daAuts
     D:2: 858 daAuts
    D:11: 858 daAuts
     D:9: 831 daAuts
  Lair:4: 827 daAuts
